 Dungeon Crawl Stone Soup version 0.24.0-123-gd5b16e6ec5 (webtiles) character file.

Game seed: 10155997064001408827, levelgen mode: deterministic

241930 Ereth the Wrestler (level 18, -1/150 HPs)
             Began as a Troll Fighter on Dec 26, 2019.
             Was a High Priest of Okawaru.
             Slain by a caustic shrike (18 damage)
             ... on level 1 of the Depths on Dec 27, 2019.
             The game lasted 02:17:27 (34255 turns).

Ereth the Wrestler (Troll Fighter)                 Turns: 34255, Time: 02:17:28

Health: -1/150     AC: 15    Str: 40      XL:     18   Next: 66%
Magic:  0/30       EV: 14    Int:  9 (10) God:    Okawaru [*****.]
Gold:   2927       SH: 16    Dex:  7      Spells: 16/18 levels left

rFire    x . .     SeeInvis .     - Unarmed
rCold    + + +     Gourm    +   b - +0 shield {AC+3}
rNeg     + + +     Faith    .   U - +7 ice dragon scales of Heresy {+Inv rF- rC++ Str+5 Int+3}
rPois    +         Spirit   +   R - +2 hat
rElec    .         Reflect  .   i - scarf {cloud immunity}
rCorr    .         Harm     .   (gloves unavailable)
MR       +++..     Rnd*Tele +   (boots unavailable)
Stlth    ++........             G - amulet of Atelios {Spirit Str+4}
HPRegen  0.75/turn              H - ring "Unladokh" {rPois rN+++ MR++ Str-3 Int+3}
MPRegen  0.22/turn              j - ring "Muhia" {rC+ MP+9 Str+3 Int-2 Slay+5}

@: heroism, corroded
A: large, unfitting armour, claws 3, rugged brown scales 1, blurry vision 1,
clumsy 2, deformed body, deterioration 1, fast metabolism 3, frail 1, gourmand,
regeneration 1, screaming 1, shaggy fur 1, teleportitis 1, tough skin 3
}: 2/15 runes: decaying, gossamer
a: Heroism, Finesse, Renounce Religion, Evoke Invisibility


You were on level 1 of the Depths.
You worshipped Okawaru.
Okawaru was extremely pleased with you.
You were completely stuffed.

You visited 8 branches of the dungeon, and saw 37 of its levels.

You collected 3084 gold pieces.
You spent 157 gold pieces at shops.

Inventory:

Missiles
 v - 24 boomerangs (quivered)
 D - 3 silver javelins
 N - 17 javelins
 V - 10 boomerangs of dispersal
Armour
 b - a +0 shield of protection (worn)
 i - a scarf of cloud immunity (worn)
 R - a +2 hat (worn)
 U - the +7 ice dragon scales of Heresy (worn) {+Inv rF- rC++ Str+5 Int+3}
   (Okawaru gifted it to you on level 4 of the Spider Nest)

   It affects your strength (+5).
   It affects your intelligence (+3).
   It makes you vulnerable to fire.
   It greatly protects you from cold.
   It lets you turn invisible.
 Z - a +2 large shield of reflection
Jewellery
 j - the ring "Muhia" (right claw) {rC+ MP+9 Str+3 Int-2 Slay+5}
   (You found it on level 4 of the Spider Nest)

   [ring of slaying]

   It affects your strength (+3).
   It affects your intelligence (-2).
   It affects your accuracy and damage with ranged weapons and melee attacks
   (+5).
   It protects you from cold.
   It affects your magic capacity (+9).
 r - an uncursed ring of see invisible
 w - an uncursed amulet of harm
 A - a +2 ring of intelligence
 E - an uncursed ring of protection from fire
 G - the amulet of Atelios (around neck) {Spirit Str+4}
   (You found it on level 7 of the Dungeon)

   [amulet of guardian spirit]

   It causes incoming damage to be split between your health and magic.
   It affects your strength (+4).
 H - the ring "Unladokh" (left claw) {rPois rN+++ MR++ Str-3 Int+3}
   (You found it on level 7 of the Dungeon)

   [ring of intelligence]

   It affects your strength (-3).
   It affects your intelligence (+3).
   It protects you from poison.
   It renders you almost immune to negative energy.
   It affects your resistance to hostile enchantments.
 K - a +3 ring of evasion
 Q - an uncursed ring of ice {unknown}
 X - a +5 amulet of reflection
Wands
 a - a wand of clouds (4)
 e - a wand of iceblast (11)
 h - a wand of enslavement (4)
 m - a wand of flame (39)
 p - a wand of paralysis (24)
 C - a wand of acid (41)
 S - a wand of random effects (35)
Scrolls
 g - 4 scrolls of fear
 l - 7 scrolls of magic mapping
 n - 13 scrolls of remove curse
 s - a scroll of holy word {unknown}
 x - 6 scrolls of amnesia
 y - 3 scrolls of enchant weapon
 F - 3 scrolls of teleportation
 J - 4 scrolls of identify
 L - 5 scrolls of fog
Potions
 c - 4 potions of might
 f - a potion of cancellation {unknown}
 k - 24 potions of curing
 o - 6 potions of flight
 t - 5 potions of haste
 u - 3 potions of agility
 B - a potion of brilliance
 O - 2 potions of berserk rage
 P - a potion of resistance
 T - a potion of invisibility
Miscellaneous
 z - a sack of spiders
 I - a box of beasts
 M - a lightning rod (4/4)
 Y - a phial of floods
Comestibles
 d - 35 rations
 q - a chunk of flesh


   Skills:
 + Level 6.7(11.7) Fighting
 + Level 5.1(10.1) Throwing
 + Level 9.1(14.1) Armour
 + Level 10.5(15.5) Dodging
 + Level 3.4(8.4) Stealth
 + Level 13.7(18.7) Shields
 + Level 21.3(26.3) Unarmed Combat
 + Level 0.7 Spellcasting
 + Level 0.3 Hexes
 + Level 6.1 Invocations
 + Level 0.3 Evocations


You had 16 spell levels left.
You knew the following spells:

 Your Spells              Type           Power        Failure   Level  Hunger
a - Corona                Hex            #......      47%         1    ##.....
b - Animate Skeleton      Necr           N/A          52%         1    ##.....

Your spell library contained the following spells:

 Spells                   Type           Power        Failure   Level  Hunger
 Apportation              Tloc           #.....       52%         1    ##.....
 Flame Tongue             Conj/Fire      #....        52%         1    ##.....
 Magic Dart               Conj           #...         52%         1    ##.....
 Pain                     Necr           #...         52%         1    ##.....
 Summon Butterflies       Summ           #.......     52%         1    ##.....
 Slow                     Hex            #.......     63%         2    ###....
 Ensorcelled Hibernation  Hex/Ice        #.....       65%         2    ###....
 Blink                    Tloc           N/A          67%         2    ###....
 Call Imp                 Summ           #.......     67%         2    ###....
 Confuse                  Hex            #.......     85%         3    ####...
 Tukima's Dance           Hex            #.......     85%         3    ####...
 Dazzling Spray           Conj/Hex       #.....       86%         3    ####...
 Conjure Flame            Conj/Fire      #.......     88%         3    ####...
 Lesser Beckoning         Tloc           #.........   88%         3    ####...
 Mephitic Cloud           Conj/Pois/Air  #.......     88%         3    ####...
 Regeneration             Chrm/Necr      #.........   88%         3    ####...
 Vampiric Draining        Necr           #.........   88%         3    ####...
 Animate Dead             Necr           N/A          99%         4    #####..
 Cause Fear               Hex            #.........   99%         4    #####..
 Alistair's Intoxication  Tmut/Pois      #.......     100%        5    ######.
 Irradiate                Conj/Tmut      #.........   100%        5    ######.
 Bolt of Fire             Conj/Fire      #.........   100%        6    #######
 Hydra Form               Tmut           #.........   100%        6    #######
 Invisibility             Hex            #.......     100%        6    #######
 Statue Form              Tmut/Erth      #........    100%        6    #######
 Dragon Form              Tmut           #.........   100%        7    #######
 Dragon's Call            Summ           #.........   100%        9    #######


Dungeon Overview and Level Annotations

Branches:
Dungeon (15/15)            Temple (1/1) D:5            Lair (6/6) D:10
  Swamp (4/4) Lair:4       Spider (4/4) Lair:4        Slime (4/5) Lair:5
    Orc (2/2) D:12            Elf (0/3) Orc:2        Vaults (0/5) D:13
 Depths (1/5) D:15

Altars:
Ashenzari
Cheibriados
Dithmenos
Elyvilon
Fedhas
Gozag
Hepliaklqana
Kikubaaqudgha
Makhleb
Nemelex Xobeh
Okawaru
Qazlal
Ru
Sif Muna
Trog
Uskayaw
Vehumet
Wu Jian
Xom
Yredelemnul
Zin
The Shining One
Beogh
Jiyva

Shops:
D:7 }   D:9 (=(   D:10 (   Orc:1 [   Orc:2 (}=}   Depths:1 [?%

Portals:
Hell: Depths:1
Trove: D:14 (give +2 storm dragon scales)

Annotations:
Depths:1 exclusion: orange crystal statue


Innate Abilities, Weirdness & Mutations

You are too large for most types of armour.
You have claws for hands.
Your metabolism is lightning-fast.
You like to eat raw meat.
Your natural rate of healing is unusually fast.
You are covered in fur. (AC +1)
You have extremely tough skin. (AC +3)
You are partially covered in rugged brown scales. (AC +1, +3% HP)
Scrolls take you a little longer to read.
You are very clumsy. (Dex -4)
Armour fits poorly on your strangely shaped body.
Your body sometimes deteriorates upon taking damage.
You are frail. (-10% HP)
You occasionally shout uncontrollably at your foes.
You are occasionally teleported next to monsters.


Message History

* * * LOW HITPOINT WARNING * * *
You are splashed with acid.
* * * LOW HITPOINT WARNING * * *
Some rock shatters into small pieces.
The deep troll earth mage gestures at you while chanting.
The wall shatters!
The blast of rock fragments hits you but does no damage.
You block the caustic shrike's attack.
The water nymph's watery aura covers Zidauxti's Magic Scroll Emporium.
The caustic shrike claws you but does no damage.
You feel better. You block the caustic shrike's attack.
The deep troll earth mage gestures next to the deep troll while chanting.
You hear a grinding noise.
The caustic shrike claws you!
* * * LOW HITPOINT WARNING * * *
You are splashed with acid!
* * * LOW HITPOINT WARNING * * *
Really read with blurry vision while enemies are nearby?
The caustic shrike claws you!!
You die...

#...#.........#
######8.8.######...#
.....8...8...†.....#
#.....∩.....###...#
###.#.8...8.###.....#############
...##..≈.#.#....................
#.#.8≈≈≈.T###.(................
.##..T≈.∩≈m≈.T###................
....≈.8..T8Q.bbb@................
##.Tm##..8#######................
≈≈≈≈......# ..................
≈≈≈...##.## ............(..[...
≈≈.....#.# ...............(...
O≈.....#.# ................
.......... ................
......... ................
#############


You could see 3 caustic shrikes, a tengu warrior, a deep troll, 2 deep troll
earth magi and a water nymph.

Vanquished Creatures
  Mara (Spider:3)
  Arachne (Spider:3)
  Rupert (Orc:2)
  Jorgrun (Spider:1)
  9 acid blobs
  Frances (D:13)
  Donald (Spider:3)
  An azure jelly (Slime:2)
  A frost giant (D:13)
  5 emperor scorpions
  7 ghost moths
  A balrug (Depths:1)
  A stone giant (Depths:1)
  2 entropy weavers
  4 spark wasps
  The ghost of Nilihum the Martial Artist, a journeyman OpTm of Cheibriados (Lair:6)
  Josephine (Spider:1)
  3 ettins
  A fire dragon (Depths:1)
  3 great orbs of eyes
  19 hydras
  2 ghost crabs
  4 shambling mangroves
  2 centaur warriors
  4 catoblepae
  An ogre mage (Depths:1)
  2 tengu warriors (D:13)
  10 alligators
  10 two-headed ogres
  A queen ant (Lair:2)
  11 death yaks
  6 orc high priests
  A deep elf knight (D:15)
  A fire crab (Lair:6)
  Nergalle (Lair:4)
  An iron troll (D:13)
  4 skeletal warriors (D:14)
  A deep troll (D:15)
  An unseen horror (D:7)
  12 swamp dragons
  3 spriggan druids
  A lindwurm (Lair:6)
  An orc knight (Orc:1)
  16 orb spiders
  5 orc sorcerers
  17 wolf spiders
  2 moths of wrath
  3 cyclopes
  2 manticores (Lair:6)
  2 deep elf magi
  8 ugly things
  3 shining eyes (Slime:4)
  5 elephants (Lair:3)
  Maurice (D:13)
  2 centaur zombies
  3 torpor snails (Spider:4)
  An eye of devastation (Slime:4)
  15 spiny frogs
  3 black mambas
  3 rime drakes
  A kobold demonologist (D:15)
  A yaktaur (D:15)
  8 demonic crawlers
  An efreet (D:15)
  7 komodo dragons
  A freezing wraith (D:14)
  A red devil (Depths:1)
  4 trolls
  5 polar bears
  A jumping spider (shapeshifter) (D:14)
  38 jumping spiders
  13 tyrant leeches
  A merfolk (D:11)
  19 hornets
  8 bog bodies
  57 slime creatures
  A dream sheep (Lair:6)
  21 blink frogs
  14 hippogriffs
  51 redbacks
  11 spriggans
  5 wraiths (Spider:1)
  3 vampires
  49 yaks
  2 shadows (D:15)
  4 wyverns
  19 tarantellas
  A basilisk (shapeshifter) (Depths:1)
  5 basilisks
  23 insubstantial wisps
  20 vampire mosquitoes
  12 wargs
  3 soldier ants (Lair:2)
  8 swamp worms
  5 porcupines
  13 water moccasins
  12 swamp drakes
  5 ice beasts
  21 orc warriors
  3 sky beasts
  2 phantoms (D:8)
  A hornet zombie (D:9)
  2 black bears
  13 ogres
  3 eyes of draining
  A necrophage (D:11)
  14 wolves
  3 centaurs
  14 crocodiles
  A big kobold (D:8)
  18 bullfrogs
  4 earth elementals (Spider:2)
  3 wyvern skeletons
  4 scorpions
  21 killer bees
  9 wights
  7 howler monkeys
  2 electric eels
  4 crimson imps
  4 bullfrog zombies
  A quasit (D:11)
  4 jellies
  30 orc priests
  10 hounds
  28 orc wizards
  3 bullfrog skeletons
  4 centaur skeletons
  5 iguanas
  17 worker ants
  A howler monkey zombie (D:7)
  Robin (D:2)
  3 gnolls (D:7)
  10 adders
  3 shadow imps
  An ooze (D:1)
  An adder zombie (D:6)
  2 adder skeletons
  3 worms
  3 dart slugs
  2 leopard geckos
  62 orcs
  4 giant cockroaches
  15 goblins
  9 hobgoblins
  9 jackals
  7 kobolds
  4 quokkas
  4 ball pythons
  7 bats
  5 frilled lizards
  A jackal skeleton (D:4)
  3 leopard gecko skeletons
  A leopard gecko zombie (D:6)
  2 quokka zombies
  12 rats
  A fungus (D:7)
1121 creatures vanquished.

Vanquished Creatures (others)
  An orb spider (Spider:4)
  A spiny frog (Swamp:3)
  A tyrant leech (Swamp:1)
  3 hornets (Swamp:1)
  A spriggan (Swamp:1)
  A redback (Spider:2)
  A swamp worm (Swamp:1)
  2 orc warriors (Orc:2)
  An orc (D:13)
  6 fungi
  3 plants
21 creatures vanquished.

Grand Total: 1142 creatures vanquished

Notes
Turn   | Place    | Note
-------+----------+-------------------------------------------
     0 | D:1      | Ereth the Troll Fighter began the quest for the Orb.
     0 | D:1      | Reached XP level 1. HP: 22/22 MP: 0/0
    81 | D:1      | Reached XP level 2. HP: 29/29 MP: 1/1
   280 | D:1      | Reached XP level 3. HP: 36/36 MP: 2/2
   805 | D:2      | Found a blossoming altar of Fedhas.
  1011 | D:2      | Noticed Robin
  1027 | D:2      | Killed Robin
  1027 | D:2      | Reached XP level 4. HP: 34/44 MP: 3/3
  1126 | D:2      | Found a snail-covered altar of Cheibriados.
  1429 | D:3      | Reached skill level 3 in Unarmed Combat
  1480 | D:3      | Reached XP level 5. HP: 52/52 MP: 4/4
  1611 | D:3      | Reached skill level 4 in Unarmed Combat
  1687 | D:3      | Found a sparkling altar of Nemelex Xobeh.
  1687 | D:3      | Found an opulent altar of Gozag.
  1810 | D:3      | Paralysed by a kobold for 7 turns
  2183 | D:3      | Found an iron altar of Okawaru.
  2192 | D:3      | Became a worshipper of Warmaster Okawaru
  2348 | D:4      | Reached XP level 6. HP: 42/59 MP: 5/5
  2418 | D:4      | Learned a level 1 spell: Corona
  2899 | D:4      | Reached * piety under Okawaru
  2899 | D:4      | Reached skill level 5 in Unarmed Combat
  2899 | D:4      | Reached XP level 7. HP: 51/67 MP: 6/6
  3017 | D:5      | Entered Level 5 of the Dungeon
  3126 | D:5      | Found a staircase to the Ecumenical Temple.
  3142 | Temple   | Entered the Ecumenical Temple
  3586 | D:5      | Reached skill level 1 in Throwing
  3923 | D:6      | Reached skill level 6 in Unarmed Combat
  4006 | D:6      | Found a sand-covered staircase.
  4194 | D:6      | Reached ** piety under Okawaru
  4194 | D:6      | Reached XP level 8. HP: 57/75 MP: 7/7
  4527 | D:7      | Found Luphin's Gadget Boutique.
  4964 | D:7      | Reached skill level 1 in Stealth
  5123 | D:7      | Reached skill level 7 in Unarmed Combat
  5177 | D:7      | Reached skill level 5 in Shields
  5272 | D:7      | Noticed an unseen horror
  5290 | D:7      | Killed an unseen horror
  5290 | D:7      | Reached *** piety under Okawaru
  5290 | D:7      | Reached skill level 5 in Dodging
  5290 | D:7      | Reached skill level 8 in Unarmed Combat
  5290 | D:7      | Reached XP level 9. HP: 44/83 MP: 5/8
  5390 | D:7      | Got a sparkling ruby amulet
  5395 | D:7      | Got a wavering pewter ring
  5402 | D:7      | Identified the amulet of Atelios {Spirit Str+4} (You found
                  | it on level 7 of the Dungeon)
  5404 | D:7      | Identified the ring "Unladokh" {rPois rN+++ MR++ Str-3
                  | Int+3} (You found it on level 7 of the Dungeon)
  5624 | D:7      | Found a sacrificial altar of Ru.
  5740 | D:8      | Reached skill level 9 in Unarmed Combat
  6174 | D:8      | Reached **** piety under Okawaru
  6178 | D:8      | Reached XP level 10. HP: 79/92 MP: 7/9
  6221 | D:8      | Found a hide-covered altar of Uskayaw.
  6221 | D:8      | Found a shimmering blue altar of Sif Muna.
  6222 | D:8      | Found a shattered altar of Ashenzari.
  6391 | D:9      | Found a flagged portal.
  6471 | D:9      | Found Haluotent's Antique Weapon Boutique.
  6748 | D:9      | Noticed a two-headed ogre
  6758 | D:9      | Killed a two-headed ogre
  6758 | D:9      | Reached skill level 10 in Unarmed Combat
  7001 | D:9      | Found Mooph's Jewellery Boutique.
  7342 | D:9      | Found Tuilegir's Antique Weapon Emporium.
  7432 | D:10     | Entered Level 10 of the Dungeon
  7546 | D:10     | Reached ***** piety under Okawaru
  7572 | D:10     | Found a staircase to the Lair.
  7629 | D:10     | Reached skill level 1 in Invocations
  7819 | D:10     | Received a gift from Okawaru
  7857 | D:10     | Found Zymih's Antique Weapon Emporium.
  7951 | D:10     | Reached skill level 11 in Unarmed Combat
  8230 | D:10     | Noticed a two-headed ogre
  8239 | D:10     | Killed a two-headed ogre
  8239 | D:10     | Reached XP level 11. HP: 88/101 MP: 9/11
  8351 | D:11     | Paralysed by a hornet for 3 turns
  8444 | D:11     | Identified the ring "Cillog" {MR+ Int+4 Dex+8 Slay-2}
  8595 | D:11     | Noticed a green ugly thing
  8618 | D:11     | Killed a green ugly thing
  8646 | D:11     | Received a gift from Okawaru
  8692 | D:11     | Reached skill level 1 in Armour
  8712 | D:11     | Reached skill level 12 in Unarmed Combat
  8976 | D:12     | Noticed a red ugly thing
  9071 | D:12     | Killed a red ugly thing
  9150 | D:12     | Found a staircase to the Orcish Mines.
  9254 | D:12     | Noticed a deep elf mage
  9281 | D:12     | Killed a deep elf mage
  9733 | D:13     | Noticed a red ugly thing
  9741 | D:13     | Killed a red ugly thing
  9843 | D:13     | Received a gift from Okawaru
  9954 | D:13     | Noticed a two-headed ogre
  9964 | D:13     | Killed a two-headed ogre
  9964 | D:13     | Reached XP level 12. HP: 65/109 MP: 6/12
  9976 | D:13     | Noticed a frost giant
 10031 | D:13     | Killed a frost giant
 10031 | D:13     | Reached skill level 13 in Unarmed Combat
 10416 | D:13     | Noticed an eight-headed hydra
 10482 | D:13     | Killed a 13-headed hydra
 10608 | D:13     | Noticed Frances
 10615 | D:13     | Noticed Maurice
 10634 | D:13     | Noticed a tengu warrior
 10636 | D:13     | Noticed a tengu warrior
 10697 | D:13     | Killed a tengu warrior
 10764 | D:13     | Killed a tengu warrior
 10764 | D:13     | Reached skill level 5 in Fighting
 10815 | D:13     | Noticed a centaur warrior
 10825 | D:13     | Killed a centaur warrior
 11052 | D:13     | Found a gate to the Vaults.
 11174 | D:13     | Killed Frances
 11174 | D:13     | Received a gift from Okawaru
 11174 | D:13     | Reached skill level 14 in Unarmed Combat
 11645 | D:14     | Reached XP level 13. HP: 118/118 MP: 13/13
 11999 | D:14     | Received a gift from Okawaru
 12163 | D:14     | Found a portal to a secret trove of treasure.
 12295 | D:15     | Entered Level 15 of the Dungeon
 12603 | D:15     | Noticed an ettin
 12937 | D:15     | Found an opulent altar of Gozag.
 13038 | D:15     | Found a staircase to the Depths.
 13076 | D:15     | Reached skill level 15 in Unarmed Combat
 13292 | Lair:1   | Entered Level 1 of the Lair of Beasts
 13465 | Lair:1   | Received a gift from Okawaru
 15601 | Lair:3   | Reached XP level 14. HP: 123/127 MP: 12/15
 16471 | Lair:4   | Found a hole to the Spider Nest.
 16634 | Lair:4   | Reached skill level 5 in Armour
 16699 | Lair:4   | Found a staircase to the Swamp.
 16775 | Lair:4   | Reached skill level 10 in Shields
 16775 | Lair:4   | Reached skill level 16 in Unarmed Combat
 16794 | Lair:4   | Received a gift from Okawaru
 17167 | Lair:4   | Noticed Nergalle
 17172 | Lair:4   | Killed Nergalle
 17829 | Lair:5   | Found a staircase to the Slime Pits.
 17833 | Lair:5   | Found a viscous altar of Jiyva.
 18350 | Lair:6   | Entered Level 6 of the Lair of Beasts
 18615 | Lair:6   | Received a gift from Okawaru
 18659 | Lair:6   | Reached ****** piety under Okawaru
 18659 | Lair:6   | Reached skill level 17 in Unarmed Combat
 18674 | Lair:6   | Received a gift from Okawaru
 18952 | Lair:6   | Reached XP level 15. HP: 104/136 MP: 9/16
 19183 | Lair:6   | Found a runed translucent gate.
 19184 | Lair:6   | Found a runed translucent gate.
 19190 | Lair:6   | Noticed Nilihum's ghost (journeyman OpTm)
 19244 | Lair:6   | Found a runed translucent gate.
 19678 | Orc:1    | Entered Level 1 of the Orcish Mines
 19751 | Orc:2    | Entered Level 2 of the Orcish Mines
 19761 | Orc:2    | Found a roughly hewn altar of Beogh.
 19927 | Orc:2    | Noticed Rupert
 19947 | Orc:2    | Killed Rupert
 20137 | Orc:2    | Gained mutation: Scrolls take you a little longer to read.
                  | [a neqoxec]
 20359 | Orc:1    | Received a gift from Okawaru
 20572 | Orc:1    | Received a gift from Okawaru
 20822 | Orc:1    | Found Pocaj's Antique Armour Emporium.
 20825 | Orc:1    | Bought a glowing shield for 157 gold pieces
 20935 | Orc:2    | Found Nuyppoub's Antique Weapon Shop.
 20935 | Orc:2    | Found Viaggem's Gadget Shop.
 20951 | Orc:2    | Found Agaolouw's Jewellery Boutique.
 20961 | Orc:2    | Found Dual's Gadget Boutique.
 21006 | Orc:2    | Found a staircase to the Elven Halls.
 21553 | Swamp:1  | Entered Level 1 of the Swamp
 21784 | Swamp:1  | Reached skill level 18 in Unarmed Combat
 23961 | Swamp:4  | Entered Level 4 of the Swamp
 23983 | Swamp:3  | Received a gift from Okawaru
 24226 | Swamp:3  | Reached XP level 16. HP: 125/144 MP: 16/18
 24281 | Swamp:4  | HP: 5/144 [four-headed hydra[a spriggan druid] (5)]
 24909 | Swamp:4  | Identified the +1 quarterstaff of Jereklec {crush, Str+6}
 25045 | Swamp:3  | Received a gift from Okawaru
 25413 | Swamp:4  | Reached skill level 19 in Unarmed Combat
 25421 | Swamp:4  | Got a decaying rune of Zot
 25902 | D:13     | Killed Maurice
 26228 | Spider:1 | Entered Level 1 of the Spider Nest
 26231 | Spider:1 | Noticed Jorgrun
 26246 | Spider:1 | Killed Jorgrun
 26388 | Spider:1 | Reached skill level 5 in Throwing
 26426 | Spider:1 | Noticed Josephine
 26438 | Spider:1 | Killed Josephine
 27599 | Spider:2 | Reached skill level 5 in Invocations
 27623 | Spider:2 | Received a gift from Okawaru
 27813 | Spider:1 | Reached XP level 17. HP: 63/153 MP: 13/19
 28433 | Spider:2 | Learned a level 1 spell: Animate Skeleton
 28462 | Spider:3 | Received a gift from Okawaru
 28774 | Spider:3 | Noticed Mara
 28782 | Spider:3 | Noticed Ereth's illusion
 28783 | Spider:3 | Killed Mara
 28783 | Spider:3 | Received a gift from Okawaru
 28810 | Spider:3 | Noticed Arachne
 28826 | Spider:3 | Killed Arachne
 29006 | Spider:3 | Noticed Donald
 29018 | Spider:3 | Killed Donald
 29347 | Spider:4 | Entered Level 4 of the Spider Nest
 29374 | Spider:4 | Reached skill level 20 in Unarmed Combat
 29506 | Spider:4 | Reached skill level 10 in Dodging
 30063 | Spider:4 | Received a gift from Okawaru
 30086 | Spider:4 | Got crude ice dragon scales {god gift}
 30097 | Spider:4 | Identified the +7 ice dragon scales of Heresy {+Inv rF-
                  | rC++ Str+5 Int+3} (Okawaru gifted it to you on level 4 of
                  | the Spider Nest)
 30748 | Spider:4 | Got a gossamer rune of Zot
 31167 | Spider:4 | Got a pitted tin ring
 31169 | Spider:4 | Identified the ring "Muhia" {rC+ MP+9 Str+3 Int-2 Slay+5}
                  | (You found it on level 4 of the Spider Nest)
 31576 | Lair:6   | Killed Nilihum's ghost
 31587 | Lair:6   | Reached XP level 18. HP: 160/162 MP: 21/21
 31671 | Slime:1  | Entered Level 1 of the Pits of Slime
 32734 | Slime:4  | Reached skill level 21 in Unarmed Combat
 32765 | Slime:4  | Gained mutation: You are occasionally teleported next to
                  | monsters. [a shining eye]
 32886 | Slime:3  | Gained mutation: You occasionally shout uncontrollably at
                  | your foes. [a shining eye]
 32887 | Slime:3  | Gained mutation: You are clumsy. (Dex -2) [a shining eye]
 32892 | Slime:4  | Gained mutation: You are frail. (-10% HP) [a shining eye]
 32893 | Slime:4  | Gained mutation: You are partially covered in rugged brown
                  | scales. (AC +1, +3% HP) [a shining eye]
 32929 | Slime:4  | Gained mutation: Your body sometimes deteriorates upon
                  | taking damage. [a shining eye]
 33095 | Slime:4  | Gained mutation: Armour fits poorly on your strangely
                  | shaped body. [a shining eye]
 33143 | Slime:4  | Gained mutation: You are very clumsy. (Dex -4) [a shining
                  | eye]
 33189 | Slime:4  | HP: 6/150 [slime creature (7)]
 33203 | Slime:4  | HP: 2/150 [disintegration (11)]
 33685 | Depths:1 | Entered Level 1 of the Depths
 33746 | Depths:1 | Found a gateway to Hell.
 34172 | Depths:1 | Found Bynev's Armour Shoppe.
 34172 | Depths:1 | Found Zidauxti's Magic Scroll Emporium.
 34222 | Depths:1 | Found Hohyalir's Food Shoppe.
 34236 | Depths:1 | Noticed a caustic shrike
 34236 | Depths:1 | Noticed a caustic shrike
 34236 | Depths:1 | Noticed a caustic shrike
 34241 | Depths:1 | Noticed a caustic shrike
 34255 | Depths:1 | Slain by a caustic shrike

Levels and vault maps discovered:
D:1:      lemuel_arrival_broad_hall, layout_rooms, st_stairs_5,
          minmay_tiny_reverse_x
D:2:      layout_loops_corners, fedhas_altar_3, kennysheep_slug_shrine,
          uniq_robin
D:3:      layout_loops_ring, grunt_temple_overflow_opulence,
          lemuel_coloured_pillars_altar, first_ration
D:4:      layout_basic
D:5:      layout_loops_cross, minmay_temple_entry_trees, serial_bayou_pond_d
D:6:      layout_gridville, nicolae_ossuary_entry_monument
D:7:      minmay_the_grid_triangle_9x9_rhombus_full
          [minmay_the_grid_triangle_9x9_minimal,
          minmay_the_grid_triangle_9x9_corruption,
          minmay_the_grid_triangle_9x9_stretched_checkered,
          minmay_the_grid_triangle_9x9_steps,
          minmay_the_grid_triangle_9x9_flanged_cone,
          minmay_the_grid_triangle_9x9_cache,
          minmay_the_grid_triangle_9x9_from_above,
          minmay_the_grid_triangle_9x9_prize_schism], layout_loops_ring,
          nicolae_ru_the_path_less_chosen, serial_shops,
          nicolae_shop_window_shopping
D:8:      layout_rooms, gammafunk_temple_overflow_claw
D:9:      layout_stronghold, enter_bailey_6, serial_shops, shop, shop, shop
D:10:     layout_roguey, erik_lair_orcish_takeover, serial_shops, shop
D:11:     layout_roguey, hangedman_fish_farm, grunt_ministairs_8,
          nooodl_orcs_dogs
D:12:     layout_rooms, minmay_orc_entry_guard_dogs,
          nicolae_straight_to_the_point
D:13:     minmay_coctagon, layout_irregular_city, david_vaults_4, uniq_frances,
          uniq_maurice
D:14:     layout_roguey, nicolae_trove_entry_columns, kennysheep_nondescript
D:15:     hangedman_depths_entry_civil_slaughter, layout_small_grid,
          roderic_cross_of_infinity, grunt_gozag_breadcrumbs
Temple:   eino_temple_lava
Lair:1:   layout_long_grid, nicolae_lair_grove_arrangements
Lair:2:   layout_small_grid, minmay_another_anthill, lemuel_fruit_fields,
          grunt_megastairs_2
Lair:3:   beast_lair_carwin_large_2, layout_layer_cave, minmay_holes,
          infiniplex_staircase_pool, grunt_megastairs_1
Lair:4:   layout_regular_city, swamp_mist_pool,
          nicolae_spider_entry_tight_spaces, minmay_stone_trees_medium,
          grunt_forest_stairs_clearing, grunt_megastairs_3, uniq_nergalle
Lair:5:   layout_cave_pods, slime_altar_1, st_stairs_10, minivault_27,
          lookout_lair_type
Lair:6:   evilmike_catoblepas_cave, layout_long_grid, gammafunk_ghost_split
Swamp:1:  layout_basic_swamp, evilmike_swamp_ruin_house_4,
          cheibrodos_swamp_pet_leeches
Swamp:2:  layout_basic_swamp, serial_swamp_ruin, evilmike_swamp_ruin_house_2,
          evilmike_swamp_ruin_rubble_2
Swamp:3:  layout_basic_swamp, evilmike_swamp_ruin_rubble_1
Swamp:4:  swamp_alternative, layout_basic_swamp, swamp_pool2,
          hangedman_swamp_pad
Spider:1: layout_spider_delve, uniq_josephine, uniq_jorgrun
Spider:2: layout_spider_delve, hangedman_stitches_earthworm
Spider:3: layout_spider_delve, hangedman_spider_tarantella_strand, uniq_mara,
          uniq_donald, uniq_arachne
Spider:4: johnstein_spider_rune_arachne_lair
Slime:1:  layout_caves
Slime:2:  layout_caves, basic_altar
Slime:3:  layout_caves
Slime:4:  layout_caves
Orc:1:    layout_diamond_mine, serial_shops, nicolae_shop_behind_doors,
          nicolae_orc_lava_room
Orc:2:    st_orc_mages, layout_caves, basic_altar, uniq_rupert
Depths:1: layout_forbidden_donut, hellmouth_1, serial_shops, nicolae_shop_trees,
          serial_sigils_hangedman_leer, serial_bayou_pond_b,
          minmay_protected_statue, minmay_shop_star

Skill      XL: |  1  2  3  4  5  6  7  8  9 10 11 12 13 14 15 16 17 18 |
---------------+-------------------------------------------------------+-----
Shields        | 3 5 6 7 8 9 10 11 12 13 | 13.7
Dodging        | 3 4 5 6 7 8 9 10 | 10.5
Unarmed Combat | 3 4 5 6 8 9 11 12 14 15 17 18 19 20 21 | 21.3
Fighting       | 3 4 5 6 |  6.7
Throwing       | 1 2 3 4 5 |  5.1
Stealth        | 1 2 3 |  3.4
Invocations    | 1 2 3 4 5 6 |  6.1
Armour         | 2 3 4 5 6 7 8 9 |  9.1
Spellcasting   | |  0.7
Hexes          | |  0.3
Evocations     | |  0.3

Action                   |  1- 3 |  4- 6 |  7- 9 | 10-12 | 13-15 | 16-18 || total
-------------------------+-------+-------+-------+-------+-------+-------++-------
Melee: Unarmed           |   118 |   208 |   310 |   649 |  1498 |  1290 ||  4073
Throw: Boomerang         |       |     4 |    41 |    37 |    18 |    17 ||   117
 Cast: Corona            |       |       |     2 |       |       |       ||     2
Invok: Heroism           |       |       |     4 |    29 |    43 |    65 ||   141
       Finesse           |       |       |       |       |       |    12 ||    12
 Abil: Evoke Flight      |     1 |       |       |       |       |       ||     1
Evoke: Wand              |     1 |       |       |     2 |       |     2 ||     5
  Use: Scroll            |     2 |     6 |     7 |     5 |    13 |    14 ||    47
       Potion            |       |       |       |       |     3 |     7 ||    10
 Stab: Sleeping          |     1 |     1 |     1 |     4 |       |       ||     7
       Distracted        |       |       |       |       |     1 |       ||     1
  Eat: Chunk             |    15 |    18 |    25 |    56 |    95 |    69 ||   278
       Ration            |       |       |       |       |     3 |     9 ||    12
Armor: Robe              |    52 |    37 |    54 |    20 |       |       ||   163
       Troll leather arm |       |       |       |    91 |       |       ||    91
       Ice dragon scales |       |       |       |    13 |   411 |   699 ||  1123
Dodge: Dodged            |    26 |    53 |    93 |   282 |   396 |   565 ||  1415
       Deflected         |       |       |     3 |    11 |     2 |       ||    16
Block: Shield            |    45 |    65 |   152 |   333 |   316 |   853 ||  1764
       Large shield      |       |       |       |       |   715 |       ||   715
       Reflection        |       |       |       |       |    17 |       ||    17
